 Dungeon Crawl Stone Soup version 0.25-a0-426-g7d9e569eea (webtiles) character file.

Game seed: 12748164060397849715, levelgen mode: deterministic

1609 Elellon the Thaumaturge (level 8, -5/41 HPs)
             Began as a Deep Elf Conjurer on Jan 25, 2020.
             Was a Follower of Vehumet.
             Slain by an ice beast (11 damage)
             ... on level 5 of the Dungeon.
             The game lasted 00:13:37 (7109 turns).

Elellon the Thaumaturge (Deep Elf Conjurer)         Turns: 7109, Time: 00:13:38

Health: -5/41      AC:  5    Str:  7    XL:     8   Next: 63%
Magic:  2/24       EV: 13    Int: 21    God:    Vehumet [*.....]
Gold:   176        SH:  0    Dex: 15    Spells: 20/27 levels left

rFire    . . .     SeeInvis .   o - +1 dagger (venom)
rCold    . . .     Gourm    .   (no shield)
rNeg     . . .     Faith    .   v - +2 robe {MR+}
rPois    .         Spirit   .   (no helmet)
rElec    .         Reflect  .   (no cloak)
rCorr    .         Harm     .   q - +0 pair of gloves
MR       +....                  (no boots)
Stlth    ++........             (no amulet)
HPRegen  0.13/turn              (no ring)
MPRegen  0.19/turn              (no ring)

@: very slightly contaminated
A: no striking features
a: Renounce Religion


You were on level 5 of the Dungeon.
You worshipped Vehumet.
Vehumet was aware of your devotion.
You were hungry.

You visited 2 branches of the dungeon, and saw 7 of its levels.

You collected 176 gold pieces.

Inventory:

Hand Weapons
 o - a +1 dagger of venom (weapon)
 p - a +1 short sword of electrocution
Armour
 q - a +0 pair of gloves (worn)
 v - a +2 robe of magic resistance (worn)
Jewellery
 d - an uncursed amulet of regeneration {unknown}
 h - a +4 ring of strength {unknown}
Scrolls
 a - a scroll of amnesia {unknown}
 i - a scroll of noise {unknown}
 j - 6 scrolls of identify {unknown}
 k - 3 scrolls of magic mapping {unknown}
 l - a scroll of remove curse {unknown}
 n - a scroll of random uselessness {unknown}
 t - a scroll of enchant weapon {unknown}
 x - a scroll of immolation {unknown}
Potions
 b - a potion of heal wounds {unknown}
 e - a potion of ambrosia {unknown}
 f - 2 potions of resistance
 g - a potion of mutation {unknown}
 m - a potion of cancellation {unknown}
 r - a potion of haste {unknown}
 s - a potion of berserk rage {unknown}
 u - a potion of invisibility {unknown}
 w - a potion of might {unknown}
Comestibles
 c - 7 rations
 z - 5 chunks of flesh


   Skills:
 - Level 2.4 Dodging
 - Level 2.4 Stealth
 + Level 10.1 Spellcasting
 + Level 9.3 Conjurations
 + Level 3.0 Translocations


You had 20 spell levels left.
You knew the following spells:

 Your Spells              Type           Power        Failure   Level  Hunger
a - Magic Dart            Conj           ####         1%          1    None
b - Searing Ray           Conj           #####.       1%          2    None
c - Iskenderun's Mystic   Conj/Tloc      #####...     4%          4    ##.....

Your spell library contained the following spells:

 Spells                   Type           Power        Failure   Level  Hunger
 Shock                    Conj/Air       ####         1%          1    None
 Dazzling Flash           Conj/Hex       ####..       2%          3    None
 Fulminant Prism          Conj/Hex       ####......   10%         4    ##.....


Dungeon Overview and Level Annotations

Branches:
Dungeon (6/15)             Temple (1/1) D:4

Altars:
Ashenzari
Dithmenos
Elyvilon
Fedhas
Makhleb
Okawaru
Qazlal
Ru
Sif Muna
Vehumet
Wu Jian
Xom
Zin
The Shining One

Shops:
D:4 [


Message History

Confirm with . or Enter, or press ? or * to list all spells.
Aiming: Searing Ray (safe; 1% risk of failure)
Press: ? - help, Shift-Dir - straight line, f - ice beast
Aim: an ice beast The searing ray hits the ice beast.
The ice beast is lightly wounded. (Press . to maintain the ray.)
The ice beast hits you. The ice beast freezes you!
* * * LOW HITPOINT WARNING * * *
The searing ray hits the ice beast!
The ice beast is severely wounded.
The searing ray hits the orc!
You kill the orc!
Vehumet accepts your kill.
You feel your power returning.
You are feeling hungry.
The ice beast hits you.
* * * LOW HITPOINT WARNING * * *
The ice beast freezes you!
You die...

###..................#....##....
##.#...............#.......).....
#.............######.............
##.............# #..###........
#.......#....## ##..#........#
##.##.....>..#######.##..#.....#
###..#.......###...##.##..#....##
#.............##......##..######
###.#.#.......)Y@.#...##..##
#.####........###.#.##...### ###
##.......# ###........# ##......#
#.###....##
##....######..##.##..#
#..###.##...###<....#
##..........###....###
#.................##
##.....###........#


You could see an ice beast.

Vanquished Creatures
  Sigmund (D:4)
  Eustachio (D:4)
  Duvessa (D:4)
  A phantom (D:5)
  2 ogres
  A bullfrog (D:6)
  Dowan (D:4)
  A howler monkey (D:4)
  6 crimson imps
  A jelly (D:5)
  2 bullfrog zombies (D:5)
  An orc priest (D:3)
  A hound (D:3)
  Jessica (D:2)
  Natasha (thrice) (D:2)
  A statue (D:4)
  4 worker ants
  A hound skeleton (D:5)
  8 adders
  A shadow imp (D:5)
  An ooze (D:3)
  An adder zombie (D:5)
  A worm (D:6)
  3 dart slugs
  5 leopard geckos
  8 orcs
  2 ball pythons
  10 bats
  6 giant cockroaches
  12 goblins
  13 hobgoblins
  8 jackals
  12 kobolds
  3 quokkas
  4 frilled lizards
  15 rats
143 creatures vanquished.

Notes
Turn   | Place    | Note
-------+----------+-------------------------------------------
     0 | D:1      | Elellon the Deep Elf Conjurer began the quest for the Orb.
     0 | D:1      | Reached XP level 1. HP: 10/10 MP: 6/6
   197 | D:1      | Reached XP level 2. HP: 15/15 MP: 4/8
   734 | D:1      | Reached skill level 4 in Spellcasting
   864 | D:1      | Reached skill level 5 in Conjurations
   864 | D:1      | Reached XP level 3. HP: 19/19 MP: 7/10
  1664 | D:2      | Reached XP level 4. HP: 24/24 MP: 7/12
  1673 | D:2      | Learned a level 2 spell: Searing Ray
  1678 | D:2      | Learned a level 4 spell: Iskenderun's Mystic Blast
  1766 | D:2      | Noticed Jessica
  1769 | D:2      | Killed Jessica
  1769 | D:2      | Reached skill level 5 in Spellcasting
  1849 | D:2      | Noticed Natasha
  1853 | D:2      | Killed Natasha
  1949 | D:2      | Reached XP level 5. HP: 28/28 MP: 10/14
  2494 | D:2      | Noticed Natasha
  2498 | D:2      | Killed Natasha
  2994 | D:2      | Noticed Natasha
  2997 | D:2      | Killed Natasha
  3302 | D:3      | Reached skill level 6 in Spellcasting
  3552 | D:3      | Reached XP level 6. HP: 32/32 MP: 11/17
  4370 | D:4      | Noticed Duvessa
  4373 | D:4      | Noticed Dowan
  4380 | D:4      | Killed Dowan
  4381 | D:4      | Killed Duvessa
  4381 | D:4      | Reached skill level 7 in Spellcasting
  4541 | D:4      | Noticed Eustachio
  4554 | D:4      | Killed Eustachio
  4554 | D:4      | Reached XP level 7. HP: 34/36 MP: 7/20
  4730 | D:4      | Reached skill level 8 in Spellcasting
  4972 | D:4      | Found a radiant altar of Vehumet.
  4983 | D:4      | Became a worshipper of Vehumet
  5166 | D:4      | Found a shimmering altar of Xom.
  5465 | D:4      | Noticed Sigmund
  5509 | D:4      | Killed Sigmund
  5509 | D:4      | Reached skill level 9 in Spellcasting
  5509 | D:4      | Reached XP level 8. HP: 27/41 MP: 19/23
  5719 | D:4      | Found a staircase to the Ecumenical Temple.
  5798 | D:4      | Found Plog's Antique Armour Shoppe.
  5810 | D:4      | Found an ornate altar of the Wu Jian Council.
  5914 | D:4      | Found a shadowy altar of Dithmenos.
  5956 | Temple   | Entered the Ecumenical Temple
  6062 | D:5      | Entered Level 5 of the Dungeon
  6371 | D:5      | Reached skill level 1 in Translocations
  6740 | D:5      | Reached skill level 10 in Spellcasting
  6995 | D:6      | Found a stormy altar of Qazlal.
  7066 | D:6      | Noticed a moth of wrath
  7076 | D:6      | Reached * piety under Vehumet
  7076 | D:6      | Offered knowledge of Shock by Vehumet.
  7109 | D:5      | Slain by an ice beast

Levels and vault maps discovered:
D:1:      dpeg_arrival_lava_temple_mockup, layout_loops_ring,
          minmay_misc_feat_square
D:2:      layout_basic, first_ration, minmay_misc_feat_tower, uniq_natasha,
          uniq_jessica
D:3:      layout_basic, chequers_serial_rivers_micro_b, skrybe_limestone_x
D:4:      layout_basic, nicolae_overflow_hidden_temple, kennysheep_mini_moat,
          vehumet_statue, temple_fountains, serial_shops, shop, led_xom_imps,
          uniq_sigmund, uniq_eustachio, uniq_duvessa
D:5:      layout_cave_pools
D:6:      layout_gridville, minitemple, tgw_trog, grunt_qazlal_sundering,
          ebering_ghost_sewer_d
Temple:   cyrus_temple_forest

Skill      XL: |  1  2  3  4  5  6  7  8 |
---------------+-------------------------+-----
Spellcasting   | 4 5 6 7 9 10 | 10.1
Conjurations   | 5 6 7 8 9 |  9.3
Translocations | 3 |  3.0
Dodging        | |  2.4
Stealth        | |  2.4

Action                   |  1- 3 |  4- 6 |  7- 9 || total
-------------------------+-------+-------+-------++-------
 Cast: Magic Dart        |    78 |   123 |    96 ||   297
       Searing Ray       |       |     9 |    22 ||    31
       Iskenderun's Myst |       |       |     5 ||     5
  Eat: Chunk             |     2 |     9 |     4 ||    15
       Ration            |       |       |     1 ||     1
Armor: Robe              |       |     1 |    11 ||    12
Dodge: Dodged            |    10 |    16 |    17 ||    43

Table legend:
 A = Non-vault XP
 B = Vault XP
 C = Vault XP percentage of total XP
 D = Non-vault monster count
 E = Vault monster count
 F = Vault count percentage of total count
                 A         B        C        D         E       F
            +---------+---------+-------+---------+---------+-------
      Total |    1357 |     942 |  41.0 |     130 |      13 |   9.1
            +---------+---------+-------+---------+---------+-------
        D:1 |      48 |       0 |   0.0 |      27 |       0 |   0.0
        D:2 |     152 |      72 |  32.1 |      34 |       2 |   5.6
        D:3 |     201 |       0 |   0.0 |      36 |       0 |   0.0
        D:4 |     245 |     864 |  77.9 |       9 |       9 |  50.0
        D:5 |     604 |       0 |   0.0 |      20 |       0 |   0.0
        D:6 |     107 |       6 |   5.3 |       4 |       2 |  33.3
            +---------+---------+-------+---------+---------+-------
